 Dungeon Crawl Stone Soup version 0.31-a0-472-g43a2ca8e1b (webtiles) character file.

Game seed: 16127156598452941298

374 Ethylacetat the Changeling (level 6, -4/42 HPs)
             Began as an Octopode Shapeshifter on Aug 6, 2023.
             Slain by an orc
             ... wielding a +0 flail
              (9 damage)
             ... on level 4 of the Dungeon.
             The game lasted 00:01:41 (2328 turns).

Ethylacetat the Changeling (Octopode Shapeshifter)  Turns: 2328, Time: 00:01:42

Health: -4/42      AC:  1    Str: 15    XL:     6   Next: 72%
Magic:  6/6        EV: 13    Int: 10    God:
Gold:   85         SH:  0    Dex: 14    Spells: 5/5 levels left

rFire   . .          .
                       - Unarmed
rCold   . . .        (no shield)
rNeg    . . .        (helmet currently unavailable)
rPois   .            (no amulet)
rElec   .            (no ring)
rCorr   .            (no ring)
SInv    .            (no ring)
Will    .....        (no ring)
Stlth   ++           (no ring)
HPRegen 0.27/turn    (no ring)
MPRegen 0.10/turn    (no ring)
                     (no ring)

%: no passive effects
@: confused, beast-form
A: beast (slay +3), almost no armour, amphibious, 8 rings, camouflage 1,
gelatinous body 1, (nimble swimmer 1), tentacles
a: Begin Untransformation


You were on level 4 of the Dungeon.
You were a hulking beast.
You visited 1 branch of the dungeon, and saw 4 of its levels.

You collected 85 gold pieces.

Inventory:

Jewellery
 j - a ring of wizardry
Talismans
 b - a beast talisman (active)
Scrolls
 d - a scroll of fear {unknown}
 g - a scroll of enchant weapon {unknown}
 h - a scroll of blinking {unknown}
 i - 2 scrolls of identify {unknown}
 n - a scroll of torment {unknown}
Potions
 c - 2 potions of might {unknown}
 e - a potion of cancellation {unknown}
 f - a potion of mutation {unknown}
 k - 2 potions of curing {unknown}
 l - a potion of berserk rage {unknown}
 m - 3 potions of degeneration {unknown}
 o - a potion of resistance {unknown}


   Skills:
 + Level 3.3 Fighting
 - Level 2.0 Dodging
 + Level 4.4 Unarmed Combat
 * Level 4.9 Shapeshifting


You had 5 spell levels left.
You didn't know any spells.
Your spell library contained the following spells:

 Spells                   Type           Power      Damage    Failure   Level
 Apportation              Tloc           0%         N/A       36%         1
 Necrotise                Necr           0%         1d4       36%         1
 Summon Small Mammal      Summ           0%         N/A       36%         1


Dungeon Overview and Level Annotations

Branches:
Dungeon (4/15)
 Temple: D:4-7

Altars:


Innate Abilities, Weirdness & Mutations

You are a hulking beast.
Your limbs bulge with bestial killing power. (Slay +3)
You cannot wear most types of armour.
You are amphibious.
You can wear up to eight rings at the same time.
Your skin changes colour to match your surroundings (Stealth+).
Your rubbery body absorbs attacks. (AC +1, EV +1)
((You are camouflaged when in or above water. (Stealth+)))
You have tentacles for arms and can constrict up to eight enemies at once.


Message History

There are monsters nearby!
You are too confused!
There are monsters nearby!
You are too confused!
There are monsters nearby!
You are too confused!
There are monsters nearby!
You tentacle-slap the orc.
The orc is almost dead.
The orc completely misses you. Something hits you.
You bludgeon something! Your squeeze misses something.
The orc closely misses you.
You hear some strange, mumbled words.
You are more confused.
The orc hits you with a +0 flail.
You're too confused to move!
You hear some strange, mumbled words.
You are more confused.
The orc barely misses you. The orc misses you.
The orc attacks as you move away! The orc hits you with a +0 hand axe.
Something hits you. The orc hits you with a +0 flail.
You hear some strange, mumbled words.
A puff of flame appears from out of thin air!
The puff of flame hits you.
You bump into the rock wall.
You closely miss something. Your squeeze misses something.
Something hits you but does no damage. The orc closely misses you.
The orc barely misses you.
You bump into the rock wall.
The orc hits you with a +0 hand axe.
* * * LOW HITPOINT WARNING * * *
Something hits you.
* * * LOW HITPOINT WARNING * * *
The orc hits you with a +0 flail.
* * * LOW HITPOINT WARNING * * *
You bump into the rock wall.
You hear some strange, mumbled words.
You are more confused.
The orc barely misses you. The orc misses you.
The orc hits you with a +0 flail!
You die...

## ### .#####
... ....#
..#.###.#.#
.........#######
#:[)ho......#
#.#....#####.#
#.#.#o# #.#
#.#####<#.# #.#
#.........# #.#
#######'### #.#
##...## #.#
##.....## #.###
# ##(......##
#.#.#### #


You could see 2 orcs.

Vanquished Creatures
  Menkaure (D:4)
  A black bear (D:4)
  Jessica (D:2)
  An orc wizard (D:4)
  A gnoll (D:1)
  3 adders
  A worm (D:4)
  2 dart slugs
  5 orcs (D:4)
  7 ball pythons
  6 bats
  11 endoplasms
  2 giant cockroaches
  6 goblins
  4 jackals (D:2)
  A quokka (D:2)
  2 frilled lizards
  6 kobolds
  3 rats (D:1)
64 creatures vanquished.

Notes
Turn   | Place    | Note
-------+----------+-------------------------------------------
     0 | D:1      | Ethylacetat the Octopode Shapeshifter began the quest for
                  | the Orb.
     0 | D:1      | Reached XP level 1. HP: 13/13 MP: 1/1
    91 | D:1      | Reached XP level 2. HP: 18/18 MP: 2/2
   321 | D:1      | Reached XP level 3. HP: 23/23 MP: 3/3
  1104 | D:2      | Reached XP level 4. HP: 25/29 MP: 4/4
  1196 | D:2      | Noticed Jessica
  1202 | D:2      | Killed Jessica
  1936 | D:3      | You fall into a shaft and drop 1 floor!
  2007 | D:4      | Noticed a black bear
  2016 | D:4      | Killed a black bear
  2017 | D:4      | Reached XP level 5. HP: 23/36 MP: 5/5
  2209 | D:4      | Noticed Menkaure
  2216 | D:4      | Killed Menkaure
  2217 | D:4      | Reached XP level 6. HP: 26/42 MP: 6/6
  2328 | D:4      | Slain by an orc

Illustrated notes

Levels and vault maps discovered:
D:1:      scummos_arrival_checkerplants, layout_loops_cross, minmay_pentomino_p4
D:2:      layout_basic, grunt_decor_cap, roderic_lattice_a,
          kennysheep_generic_room_9, uniq_jessica
D:3:      layout_loops_ring, uniq_crazy_yiuf_cottage
D:4:      kennysheep_the_goblin_king, layout_loops_corners, st_stairs_1,
          grunt_tough_drop, uniq_menkaure

Skill      XL: |  1  2  3  4  5 |
---------------+----------------+-----
Fighting       | 2 3 |  3.3
Shapeshifting  | 4 |  4.9
Unarmed Combat | 4 |  4.4
Dodging        | |  2.0

Action                     |  1- 3 |  4- 6 || total
---------------------------+-------+-------++-------
  Melee: Unarmed           |    54 |    58 ||   112
         Constrict         |    16 |    18 ||    34
         Tentacles         |    11 |    11 ||    22
         Punch             |     1 |     1 ||     2
    Use: Potion            |       |     1 ||     1
   Stab: Sleeping          |     9 |     3 ||    12
         Distracted        |       |     1 ||     1
 Armour: Skin              |     5 |    11 ||    16
  Dodge: Dodged            |    28 |    36 ||    64

Table legend: (Time is in decaauts)
 A = Elapsed time spent in this place.
 B = Non-inter-level travel time spent in this place.
 C = Inter-level travel time spent in this place.
 D = Time resting spent in this place.
 E = Time spent auto-exploring this place.
 F = Levels seen in this place.
 G = Mean time per level.
                   A        B        C        D        E       F      G
               +--------+--------+--------+--------+--------+-----+--------+
         Total |   2318 |   2271 |     47 |     33 |   1911 |   4 |  579.5 |
       Dungeon |   2318 |   2271 |     47 |     33 |   1911 |   4 |  579.5 |
               +--------+--------+--------+--------+--------+-----+--------+

Top non-repeatable levels by time:
     D:2: 915 daAuts
     D:1: 726 daAuts
     D:4: 388 daAuts
     D:3: 287 daAuts
